 Dungeon Crawl Stone Soup version 0.29.0-11-gd7f09526c8 (webtiles) character file.

Game seed: 8377847825584767000

4837 ragingrage the Arsonist (level 10, -5/63 HPs)
             Began as an Octopode Cinder Acolyte on Sept 6, 2022.
             Was a High Priest of Ignis.
             Slain by a caustic shrike zombie (14 damage)
             ... on level 1 of the Abyss.
             The game lasted 00:16:18 (14005 turns).

ragingrage the Arsonist (Octopode Cinder Acolyte)  Turns: 14005, Time: 00:16:18

Health: -5/63      AC:  8    Str: 26    XL:     10   Next: 49%
Magic:  3/17       EV: 16    Int: 20    God:    Ignis [*****.]
Gold:   1488       SH:  0    Dex: 14    Spells: 3/19 levels left

rFire   + . .      SeeInvis .   A - staff of conjuration
rCold   . . .      Faith    .   (no shield)
rNeg    . . .      Spirit   .   (helmet restricted)
rPois   .          Reflect  .   (no amulet)
rElec   .          Harm     .   m - +6 ring of strength
rCorr   .          Rampage  .   q - +6 ring of strength
Will    .....                   s - +4 ring of evasion
Stlth   ++........              E - +6 ring of dexterity
HPRegen 0.20/turn               (no ring)
MPRegen 0.15/turn               (no ring)
                                (no ring)
                                (no ring)

@: fiery-armoured
A: almost no armour, amphibious, 8 rings, camouflage 1, gelatinous body 1,
(nimble swimmer 1), tentacles
a: Renounce Religion, Fiery Armour, Foxfire Swarm, Rising Flame


You were on level 1 of the Abyss.
You worshipped Ignis.
Ignis was extremely pleased with you.
You visited 2 branches of the dungeon, and saw 10 of its levels.
You visited the Abyss 1 time.
You also visited: Sewer.

You collected 1488 gold pieces.

Inventory:

Hand Weapons
 a - a -1 spear of flaming
 w - a +0 dagger of venom
Missiles
 l - 4 poisoned darts
 n - 2 curare-tipped darts
 u - 2 throwing nets (quivered)
Armour
 v - a +0 kite shield
Magical Staves
 A - a staff of conjuration (weapon)
Jewellery
 h - a ring of flight
 m - a +6 ring of strength (left tentacle)
 q - a +6 ring of strength (right tentacle)
 s - a +4 ring of evasion (on tentacle)
 E - a +6 ring of dexterity (on tentacle)
Wands
 y - a wand of flame (8)
 C - a wand of roots (7)
Scrolls
 e - 4 scrolls of teleportation
 g - 3 scrolls of fog
 j - 2 scrolls of identify
 o - 2 scrolls of enchant armour
 r - 4 scrolls of enchant weapon
 t - 3 scrolls of poison {unknown}
 z - 2 scrolls of amnesia {unknown}
 G - 2 scrolls of blinking {unknown}
 H - a scroll of vulnerability {unknown}
Potions
 b - 2 potions of attraction
 c - a potion of degeneration {unknown}
 d - 3 potions of might
 i - a potion of brilliance
 k - a potion of cancellation {unknown}
 p - a potion of haste
 x - a potion of lignification {unknown}
 B - a potion of resistance {unknown}
 D - a potion of heal wounds {unknown}
 F - a potion of magic {unknown}


   Skills:
 - Level 3.1 Fighting
 - Level 3.0 Polearms
 - Level 0.5 Dodging
 - Level 5.0 Spellcasting
 + Level 10.2 Conjurations
 + Level 10.2 Fire Magic


You had 3 spell levels left.
You knew the following spells:

 Your Spells              Type           Power      Damage    Failure   Level
a - Scorch                Fire           90%        2d9       1%          2
b - Fireball              Conj/Fire      31%        3d13      4%          5
c - Fulminant Prism       Conj/Hex       19%        3d11      14%         4
d - Iskenderun's Battles  Conj           62%        2d11      4%          5

Your spell library contained the following spells:

 Spells                   Type           Power      Damage    Failure   Level
 Portal Projectile        Hex/Tloc       10%        N/A       34%         3
 Tukima's Dance           Hex            5%         N/A       34%         3
 Iskenderun's Mystic Bla  Conj/Tloc      38%        2d9       14%         4
 Orb of Destruction       Conj           31%        9d10      83%         7
 Conjure Ball Lightning   Conj/Air       19%        3x3d6     91%         6
 Blade Hands              Tmut           2%         N/A       97%         5
 Lee's Rapid Deconstruct  Erth           2%         3d6*      97%         5


Dungeon Overview and Level Annotations

Branches:
Dungeon (9/15)             Temple (1/1) D:7           Sewer (visited)
   Lair: D:8-11         Orc: D:9-12

Altars:
Elyvilon
Gozag
Makhleb
Ru
Trog
Xom
Yredelemnul
Zin

Shops:
D:3 *   D:6 (

Annotations:
D:4 Sigmund
D:6 1 runed translucent door, blackman's ghost, weakling DsDe
D:7 3 runed translucent doors, exclusion: vampire, middlethird's ghost, novice VSIE
D:9 Psyche


Innate Abilities, Weirdness & Mutations

You cannot wear most types of armour.
You are amphibious.
You can wear up to eight rings at the same time.
Your skin changes colour to match your surroundings (Stealth+).
Your rubbery body absorbs attacks. (AC +1, EV +1)
((You are camouflaged when in or above water. (Stealth+)))
You have tentacles for arms and can constrict up to eight enemies at once.


Message History

Casting: Scorch (safe; 1% risk of failure)
Confirm with . or Enter, or press ? or * to list all spells.
Flames lash the caustic shrike zombie.
The caustic shrike zombie is burned terribly!
The caustic shrike zombie is heavily damaged.
The caustic shrike zombie misses you.
Casting: Scorch (safe; 1% risk of failure)
Confirm with . or Enter, or press ? or * to list all spells.
Flames lash the caustic shrike zombie.
The caustic shrike zombie is heavily damaged.
The caustic shrike zombie claws you!
* * * LOW HITPOINT WARNING * * *
The caustic shrike zombie is burned terribly!
The caustic shrike zombie is burned by your cloak of flames.
The caustic shrike zombie is heavily damaged.
The caustic shrike zombie barely misses you.
Casting: Scorch (safe; 1% risk of failure)
Confirm with . or Enter, or press ? or * to list all spells.
Flames lash the caustic shrike zombie but do no damage.
The caustic shrike zombie claws you!
* * * LOW HITPOINT WARNING * * *
The caustic shrike zombie is burned terribly!
The caustic shrike zombie is burned by your cloak of flames.
The caustic shrike zombie is heavily damaged.
The caustic shrike zombie claws you but does no damage.
The caustic shrike zombie is burned terribly!
The caustic shrike zombie is burned by your cloak of flames.
The caustic shrike zombie is severely damaged.
Unknown command.
You feel better.
The caustic shrike zombie barely misses you.
The caustic shrike zombie claws you!
* * * LOW HITPOINT WARNING * * *
The caustic shrike zombie is burned terribly!
The caustic shrike zombie is burned by your cloak of flames.
The caustic shrike zombie is severely damaged.
You feel better.
The caustic shrike zombie closely misses you.
The caustic shrike zombie claws you!
You die...

.. .x ###
..
#.########
#
#.@Z.....#
.
#.######.#
## .# ...
#.. ..# .
. . ...
.#.#. ###
.. ...# ##
#. # .. ##
. .
#.....# .
#. ..# . .
. .. . .#


You could see a caustic shrike zombie (combustible).

Vanquished Creatures
  Erica (D:8)
  A vampire (D:7)
  8 yaks
  A wyvern (D:8)
  A steam dragon (D:8)
  A small abomination (Abyss:1)
  2 water moccasins
  Pargi (Sewer)
  3 sky beasts
  2 ice beasts
  4 ogres
  A phantom (D:5)
  3 bullfrogs
  3 scorpions
  3 howler monkeys (D:8)
  4 jellies (D:5)
  A crimson imp (D:6)
  3 hounds
  3 orc priests
  A gnoll bouda (D:7)
  5 iguanas
  4 orc wizards
  10 gnolls
  9 adders
  2 shadow imps
  3 white imps
  3 worms
  3 dart slugs
  16 orcs
  6 endoplasms
  5 giant cockroaches
  7 goblins
  8 hobgoblins
  11 jackals
  3 training dummies (D:6)
  12 ball pythons
  8 bats
  5 frilled lizards
  4 kobolds (D:1)
  2 rats (D:1)
173 creatures vanquished.

Vanquished Creatures (others)
  A quokka (D:3)
1 creature vanquished.

Grand Total: 174 creatures vanquished

Notes
Turn   | Place    | Note
-------+----------+-------------------------------------------
     0 | D:1      | ragingrage the Octopode Cinder Acolyte began the quest for
                  | the Orb.
     0 | D:1      | Reached XP level 1. HP: 16/16 MP: 2/2
   206 | D:1      | Reached XP level 2. HP: 21/21 MP: 4/4
   209 | D:1      | Learned a level 2 spell: Scorch
   226 | D:1      | Found a faded altar of an unknown god.
  1064 | D:1      | Reached XP level 3. HP: 26/26 MP: 2/5
  2021 | D:2      | Reached XP level 4. HP: 30/31 MP: 0/7
  2948 | D:3      | Found a glowing drain.
  2953 | D:3      | Reached XP level 5. HP: 36/36 MP: 6/9
  2984 | Sewer    | Entered a sewer
  3057 | Sewer    | Noticed Pargi
  3077 | Sewer    | Killed Pargi
  3283 | D:3      | Reached skill level 5 in Fire Magic
  3352 | D:3      | Reached XP level 6. HP: 42/42 MP: 6/11
  3523 | D:3      | Found Ejiebb's General Store.
  4855 | D:4      | Noticed Sigmund
  4878 | D:5      | Entered Level 5 of the Dungeon
  5104 | D:5      | Reached XP level 7. HP: 46/46 MP: 8/13
  5564 | D:5      | Learned a level 5 spell: Fireball
  6957 | D:5      | Reached skill level 5 in Spellcasting
  7235 | D:6      | Reached XP level 8. HP: 52/52 MP: 8/15
  7434 | D:6      | Learned a level 4 spell: Fulminant Prism
  7541 | D:6      | Found a runed translucent door.
  7541 | D:6      | Noticed blackman's ghost (weakling DsDe)
  7561 | D:6      | Reached skill level 1 in Conjurations
  7717 | D:6      | Found a sacrificial altar of Ru.
  8079 | D:6      | Found Agegg's Firing Range.
  8182 | D:6      | Found a burning altar of Makhleb.
  8182 | D:6      | Found a shimmering altar of Xom.
  8356 | D:7      | Noticed a vampire
  8852 | D:7      | Found a runed translucent gate.
  8852 | D:7      | Noticed middlethird's ghost (novice VSIE)
  8855 | D:7      | Found a runed translucent gate.
  8855 | D:7      | Found a runed translucent gate.
  9034 | D:7      | Found a staircase to the Ecumenical Temple.
  9063 | Temple   | Entered the Ecumenical Temple
  9168 | D:7      | Reached XP level 9. HP: 56/56 MP: 9/16
  9234 | D:7      | Found a glowing silver altar of Zin.
  9266 | D:7      | Reached skill level 5 in Conjurations
 10070 | D:8      | Learned a level 5 spell: Iskenderun's Battlesphere
 12266 | D:7      | Reached XP level 10. HP: 44/63 MP: 9/17
 12856 | D:8      | Identified a scroll of acquirement
 12856 | D:8      | Acquired 1057 gold pieces
 13425 | D:8      | Noticed Erica
 13511 | D:8      | Killed Erica
 13512 | D:8      | Reached skill level 10 in Conjurations
 13512 | D:8      | Reached skill level 10 in Fire Magic
 13826 | D:9      | Noticed Psyche
 13827 | Abyss:1  | Cast into level 1 of the Abyss (Psyche)
 13870 | Abyss:1  | Noticed a starcursed mass
 13870 | Abyss:1  | Noticed a starcursed mass
 13994 | Abyss:1  | Noticed a caustic shrike zombie
 14004 | Abyss:1  | HP: 1/63 [caustic shrike zombie (12)]
 14005 | Abyss:1  | Slain by a caustic shrike zombie

Illustrated notes

Levels and vault maps discovered:
D:1:      kennysheep_arrival_seaside, layout_basic,
          hellmonk_ecumenical_altar_zigzags
D:2:      layout_loops_corners
D:3:      layout_basic, portal_sewer_entry_d, serial_shops,
          nicolae_lakefront_shop, serial_bayou_lagoon_a, nrook_mini_vaults,
          dreamdust_mushroom_princess, wad_floor_pattern_untrapped,
          nrook_campfire, hex_large
D:4:      layout_basic, uniq_sigmund
D:5:      layout_layer_cave, roderic_roman_lattice
D:6:      layout_basic, grunt_temple_overflow_champion_of_chaos,
          mainiacjoe_overflow_paths, hellmonk_ghost_happy_afterlife,
          nicolae_shop_firing_range
D:7:      layout_loops_ring, lemuel_crystal_altar, minmay_temple_entry_hall,
          gammafunk_ghost_nasty_kobolds
D:8:      layout_basic, hangedman_decor_riveting, uniq_erica
D:9:      layout_irregular_city, okawaru_humans, minmay_hollow_rounded_squares,
          uniq_psyche, uniq_harold, uniq_maurice
Temple:   nicolae_temple_figure_eight
Abyss:1:  base:
D:3

Skill      XL: |  1  2  3  4  5  6  7  8  9 10 |
---------------+-------------------------------+-----
Spellcasting   | 2 3 4 5 |  5.0
Fire Magic     | 4 5 6 7 8 9 10 | 10.2
Conjurations   | 4 9 10 | 10.2
Fighting       | |  3.1
Polearms       | |  3.0
Dodging        | |  0.5

Action                   |  1- 3 |  4- 6 |  7- 9 | 10-12 || total
-------------------------+-------+-------+-------+-------++-------
Melee: Spear             |    35 |    23 |     7 |       ||    65
       Constrict         |     8 |     5 |     7 |       ||    20
       Tentacles         |     6 |     4 |     9 |     1 ||    20
       Staff             |       |       |    25 |     1 ||    26
Throw: Dart              |       |     5 |    11 |       ||    16
       Throwing net      |       |       |       |     2 ||     2
 Cast: Scorch            |    29 |    57 |   159 |    35 ||   280
       Fireball          |       |       |       |     1 ||     1
       Iskenderun's Batt |       |       |       |     1 ||     1
Invok: Fiery Armour      |       |       |       |     1 ||     1
Evoke: Wand              |       |       |     1 |     1 ||     2
  Use: Potion            |       |     3 |       |     5 ||     8
       Scroll            |       |     1 |       |     6 ||     7
 Stab: Sleeping          |     3 |       |       |       ||     3
Armor: Skin              |     2 |     5 |     4 |     1 ||    12
Dodge: Dodged            |    19 |    31 |    53 |    20 ||   123
